 Dungeon Crawl Stone Soup version 0.17-a0-2115-g0d8b93e (webtiles) character file.

12415 Maka the Carver (level 12, 0/74 HPs)
             Began as a Halfling Fighter on Oct 20, 2015.
             Was a High Priest of Okawaru.
             Slain by a warg (5 damage)
             ... on level 10 of the Dungeon.
             The game lasted 00:35:41 (15751 turns).

Maka the Carver (Halfling Fighter)                 Turns: 15751, Time: 00:35:41

Health: 0/74       AC: 17    Str: 16    XL:     12   Next: 19%
Magic:  0/13       EV: 14    Int:  7    God:    Okawaru [*****.]
Gold:   738        SH: 13    Dex: 28    Spells: 0 memorised, 11 levels left

rFire  . . .     SeeInvis .     a - +0 scimitar
rCold  . . .     Clarity  .     d - +2 scale mail {rPois}
rNeg   . . .     SustAt   .     c - +0 shield
rPois  +         Gourm    .     E - +1 hat {Spirit}
rElec  .         Spirit   +     l - +0 cloak
rCorr  +         Warding  .     J - +0 pair of gloves
rMut   .         Stasis   .     f - +1 pair of boots
MR     .....                    b - amulet of resist corrosion
Stlth  ++........               (no ring)
                                F - +4 ring of dexterity

@: agile, not resistant to hostile enchantments, unstealthy
A: mutation resistance 1
a: Heroism, Finesse, Renounce Religion


You were on level 10 of the Dungeon.
You worshipped Okawaru.
Okawaru was extremely pleased with you.
You were not hungry.

You visited 2 branches of the dungeon, and saw 12 of its levels.
You also visited: Sewer and Ossuary.

You collected 738 gold pieces.

Inventory:

Hand Weapons
 a - a +0 scimitar (weapon)
 o - a +1 long sword
Missiles
 h - 3 throwing nets (quivered)
Armour
 c - a +0 shield (worn)
 d - a +2 scale mail of poison resistance (worn)
 f - a +1 pair of boots (worn)
 l - a +0 cloak (worn)
 E - a +1 hat of spirit shield (worn)
 J - a +0 pair of gloves (worn)
Jewellery
 b - an amulet of resist corrosion (around neck)
 F - a +4 ring of dexterity (left hand)
 G - an uncursed ring of sustain attributes
 O - the ring "Faarghin" {Wiz Int+2 Dex+3}
   (You took it off a gnoll sergeant on level 9 of the Dungeon)

   [ring of wizardry]

   It improves your spell success rate.
   It affects your intelligence (+2).
   It affects your dexterity (+3).
 P - an uncursed amulet of regeneration {unknown}
Wands
 q - a wand of slowing (20)
 u - a wand of draining (9)
 v - a wand of random effects (21)
 y - a wand of cold (7)
 C - a wand of disintegration (10)
 D - a wand of fire (10)
 R - a wand of disintegration (6)
Scrolls
 m - 10 scrolls of remove curse
 n - a scroll of enchant weapon
 x - 3 scrolls of teleportation
 K - 3 scrolls of fog
 L - a scroll of recharging
 M - a scroll of fear
Potions
 g - 4 potions of lignification
 i - 7 potions of curing
 j - 3 potions of haste
 p - 3 potions of might
 s - 3 potions of brilliance
 t - a potion of magic {unknown}
 w - a potion of invisibility {unknown}
 z - a potion of berserk rage {unknown}
 B - 2 potions of mutation {unknown}
 H - a potion of resistance {unknown}
Comestibles
 k - 6 meat rations
 r - 7 bread rations
 A - 2 chunks of flesh


   Skills:
 - Level 4.0 Fighting
 - Level 14.0 Long Blades
 + Level 10.3 Armour
 - Level 8.3 Shields
 - Level 2.1 Invocations


You had 11 spell levels left.
You didn't know any spells.

Dungeon Overview and Level Annotations

Branches:
Dungeon (11/15)            Temple (1/1) D:5            Lair (0/8) D:11
    Orc: D:9-12

Altars:
Cheibriados
Fedhas
Gozag
Nemelex Xobeh
Okawaru
Qazlal
Ru
Xom

Annotations:
D:11 Clownie's ghost, journeyman OpAs; Fannar; Maurice


Innate Abilities, Weirdness & Mutations

You are small and have problems with some larger weapons.
You are somewhat resistant to further mutation.


Message History

You block the worker ant's attack.
You hit the worker ant.
You kill the worker ant!
Okawaru accepts your kill.
You hit the warg.
The warg is moderately wounded.
You block the warg's attack.
You hit the warg but do no damage.
The warg is moderately wounded.
You block the warg's attack.
You barely miss the warg.
The warg is moderately wounded.
The warg barely misses you.
You closely miss the warg.
The warg is moderately wounded.
The warg barely misses you.
You hit the warg but do no damage.
The warg is lightly wounded.
The warg bites you!
You die...

##[##########.######.#.## #.#
...........#...######.########.#
##.#####.#.......<.............#
.....# #...#...###.#.#.#########
.###.###.).......#.#.#.##########
.# #.....#.......#.#.#...........
.###....##.......#.#.############
.....###.#..((.###.#.# .#####
#..#.>).h@....# .#
#..#.######.### .# #..#.# #.# .##
#..#.## #.# ..## #.....#####.#
...## #>..........#
....#####....#######
............## †<.W#####.###


You could see a warg.

Vanquished Creatures
  Gastronok (D:8)
  The ghost of Vex the Grappler, a novice TrMo of Okawaru (D:10)
  A centaur warrior (D:10)
  3 hill giants
  Pikel (D:5)
  A cyclops (D:10)
  An elephant (D:10)
  Joseph (D:7)
  3 trolls
  A yak (D:10)
  2 orc warriors
  An ice beast (D:7)
  3 sky beasts
  A slave (D:7)
  3 black bears
  A necrophage (D:10)
  7 centaurs
  A phantom (D:6)
  3 crocodiles
  4 ogres
  6 big kobolds
  2 giant frogs
  3 gnoll sergeants
  2 wyvern zombies
  6 scorpions
  5 wights
  5 crimson imps
  5 gnoll shamans
  2 centaur zombies
  3 orc priests
  A wasp zombie (D:6)
  3 iguanas
  Crazy Yiuf (D:2)
  4 giant frog skeletons
  7 hounds
  A centaur skeleton (D:4)
  A jelly (D:10)
  7 worker ants
  Terence (D:3)
  4 orc wizards
  A killer bee zombie (D:6)
  2 hound zombies (D:6)
  9 mummies
  49 gnolls
  2 worker ant zombies (D:6)
  15 adders
  2 oozes
  2 adder zombies
  2 adder skeletons
  A worm (D:4)
  38 orcs
  6 giant cockroaches
  A gnoll zombie (Ossuary)
  12 hobgoblins
  18 jackals
  6 quokkas
  A ball python zombie (D:6)
  5 bats
  12 giant geckos
  A giant gecko zombie (D:6)
  6 giant newts
  10 goblins
  2 hobgoblin zombies (Ossuary)
  13 kobolds
  3 kobold zombies (Ossuary)
  2 orc zombies (Ossuary)
  2 quokka skeletons
  14 rats
346 creatures vanquished.

Vanquished Creatures (others)
  A slave (D:7)
  A necrophage (D:7)
  A gnoll (D:7)
3 creatures vanquished.

Grand Total: 349 creatures vanquished

Notes
Turn   | Place    | Note
--------------------------------------------------------------
     0 | D:1      | Maka the Halfling Fighter began the quest for the Orb.
     0 | D:1      | Reached XP level 1. HP: 15/15 MP: 1/1
   169 | D:1      | Reached XP level 2. HP: 8/20 MP: 2/2
  1235 | D:1      | Reached XP level 3. HP: 25/25 MP: 3/3
  1715 | D:2      | Reached skill level 4 in Long Blades
  1715 | D:2      | Reached XP level 4. HP: 28/30 MP: 4/4
  2222 | D:2      | Reached XP level 5. HP: 16/35 MP: 5/5
  2458 | D:2      | Reached skill level 5 in Long Blades
  2591 | D:2      | Noticed Crazy Yiuf
  2606 | D:2      | Killed Crazy Yiuf
  2667 | D:2      | Found a snail-covered altar of Cheibriados.
  2790 | D:2      | Reached XP level 6. HP: 26/41 MP: 6/6
  3239 | D:3      | Reached skill level 6 in Long Blades
  3547 | D:3      | Found a sacrificial altar of Ru.
  3548 | D:3      | Noticed Terence
  3565 | D:3      | Killed Terence
  3724 | D:3      | Noticed an ogre
  3757 | D:3      | Killed an ogre
  3757 | D:3      | Reached XP level 7. HP: 14/45 MP: 7/7
  3844 | D:3      | Reached skill level 5 in Shields
  4057 | D:3      | Found an iron altar of Okawaru.
  4062 | D:3      | Became a worshipper of Warmaster Okawaru
  4298 | D:4      | Found a sparkling altar of Nemelex Xobeh.
  4523 | D:4      | Reached skill level 5 in Armour
  4575 | D:4      | Found a glowing drain.
  4590 | D:4      | HP: 1/45 [giant gecko (4)]
  4596 | Sewer    | Entered a sewer
  4917 | Sewer    | Reached XP level 8. HP: 44/51 MP: 8/8
  4961 | Sewer    | Reached * piety under Okawaru
  4961 | Sewer    | Reached skill level 7 in Long Blades
  5328 | D:5      | Entered Level 5 of the Dungeon
  5371 | D:5      | Found a stormy altar of Qazlal.
  5393 | D:5      | Reached skill level 8 in Long Blades
  5519 | D:5      | Found a staircase to the Ecumenical Temple.
  5528 | Temple   | Entered the Ecumenical Temple
  5885 | D:5      | Reached skill level 9 in Long Blades
  6153 | D:5      | Reached XP level 9. HP: 35/55 MP: 9/9
  6351 | D:6      | Reached ** piety under Okawaru
  6376 | D:6      | Found a sand-covered staircase.
  6459 | Ossuary  | Entered an ossuary
  7511 | D:6      | Reached skill level 10 in Long Blades
  7815 | D:6      | Found an opulent altar of Gozag.
  9206 | D:6      | Reached *** piety under Okawaru
  9776 | D:6      | Reached XP level 10. HP: 56/63 MP: 10/10
 10005 | D:7      | Reached skill level 11 in Long Blades
 10120 | D:7      | Got a twitching lead amulet
 10185 | D:7      | Noticed Pikel
 10258 | D:5      | Killed Pikel
 10458 | D:7      | Found a shimmering altar of Xom.
 10513 | D:7      | Reached skill level 12 in Long Blades
 10538 | D:7      | Identified the amulet "Ymialos" {rCorr rPois} (You found it on level 7 of the Dungeon)
 10545 | D:7      | Noticed Joseph
 10563 | D:7      | Killed Joseph
 10929 | D:8      | You fall through a shaft for 3 floors!
 10929 | D:11     | Found a staircase to the Lair.
 10929 | D:11     | Noticed an elephant
 10935 | D:11     | Noticed Maurice
 10939 | D:11     | Noticed a centaur warrior
 10945 | D:11     | Noticed Clownie's ghost (journeyman OpAs)
 10947 | D:11     | Noticed Fannar
 10963 | D:10     | Entered Level 10 of the Dungeon
 10981 | D:10     | Reached **** piety under Okawaru
 11319 | D:8      | Found a blossoming altar of Fedhas.
 11349 | D:8      | Found a stormy altar of Qazlal.
 11514 | D:8      | Noticed Gastronok
 11516 | D:8      | HP: 3/63 [Gastronok (30)]
 11923 | D:8      | Killed Gastronok
 11923 | D:8      | Reached ***** piety under Okawaru
 11923 | D:8      | Reached skill level 13 in Long Blades
 11923 | D:8      | Reached XP level 11. HP: 69/69 MP: 9/11
 12551 | D:9      | Reached skill level 14 in Long Blades
 13398 | D:10     | Noticed Vex's ghost (novice TrMo)
 13441 | D:9      | Got a warped bone ring
 13568 | D:10     | Identified the ring "Faarghin" {Wiz Int+2 Dex+3} (You took it off a gnoll sergeant on level 9 of the Dungeon)
 13643 | D:10     | Noticed a hill giant
 13656 | D:10     | Killed a hill giant
 13656 | D:10     | Received a gift from Okawaru
 14173 | D:10     | Got a faintly glowing scale mail
 14204 | D:10     | Identified the +4 scale mail of Gumuh {rF- Str+2 Int+2 Dex+8} (You found it on level 10 of the Dungeon)
 14463 | D:11     | Noticed a skeletal warrior
 14463 | D:11     | Noticed a skeletal warrior
 14658 | D:10     | Killed an elephant
 14906 | D:10     | Noticed a hill giant
 14917 | D:10     | Killed a hill giant
 14992 | D:10     | Killed Vex's ghost
 14992 | D:10     | Received a gift from Okawaru
 15159 | D:11     | Noticed a cyclops
 15247 | D:10     | Killed a cyclops
 15247 | D:10     | Reached XP level 12. HP: 51/74 MP: 9/13
 15301 | D:10     | Killed a centaur warrior
 15669 | D:11     | Noticed a hill giant
 15684 | D:11     | Killed a hill giant
 15684 | D:11     | Reached skill level 10 in Armour
 15736 | D:11     | HP: 2/74 [Clownie's ghost (5)]
 15751 | D:10     | Slain by a warg

Vault maps used:
D:1:      erik_arrival_cave_to_civilisation
D:2:      cheibriados_altar_1, minmay_ruptured, uniq_crazy_yiuf_cottage
D:3:      lemuel_doored_altar, nicolae_ru_the_path_less_chosen, uniq_terence
D:4:      lemuel_crystal_altar, gup_sewer_entry_pipe, first_bread
D:5:      minmay_temple_entry_butterflies, basic_altar
D:6:      lemuel_castle_with_subvaults, grunt_gozag_statues, serial_undead,
          serial_undead_a, serial_undead_e, serial_undead_e, serial_undead_e,
          serial_undead_b, serial_undead_a, gup_ossuary_entry_pyramid,
          serial_bayou_crossing
D:7:      basic_altar, uniq_pikel, uniq_joseph
D:8:      grunt_temple_overflow_forces_of_nature, uniq_gastronok
D:11:     david_lair_generic, erik_orc_4, uniq_maurice, uniq_fannar, uniq_psyche
Temple:   water_room_temple_b_12
Sewer:    sewer_kobold_necro_badplayer
Ossuary:  ossuary_tomb_3

Action                   |  1- 3 |  4- 6 |  7- 9 | 10-12 || total
-------------------------+-------+-------+-------+-------++-------
Melee: Long sword        |   131 |   215 |   446 |       ||   792
       Scimitar          |       |       |   343 |   655 ||   998
Invok: Heroism           |       |       |       |     9 ||     9
Evoke: Wand              |       |     2 |       |     1 ||     3
  Use: Scroll            |     3 |       |     9 |    11 ||    23
       Potion            |       |     2 |     3 |     3 ||     8
  Eat: Chunk             |     2 |     3 |     9 |     9 ||    23
       Bread ration      |       |     1 |     1 |       ||     2
       Pizza             |       |       |     1 |     3 ||     4
       Meat ration       |       |       |     1 |     1 ||     2
       Beef jerky        |       |       |     1 |     1 ||     2
